 Dungeon Crawl Stone Soup version 0.17-a0-1850-g688e747 (webtiles) character file.

140 Banto the Poker (level 5, 0/38 HPs)
             Began as a Demonspawn Gladiator on Sept 19, 2015.
             Slain by Shredu92's ghost (14 damage)
             ... on level 3 of the Dungeon.
             The game lasted 00:03:17 (2202 turns).

Banto the Poker (Demonspawn Gladiator)              Turns: 2202, Time: 00:03:17

Health: 0/38       AC:  4    Str: 15    XL:     5   Next: 2%
Magic:  5/5        EV: 13    Int: 10    God:
Gold:   196        SH:  0    Dex: 18    Spells: 0 memorised, 4 levels left

rFire  . . .     SeeInvis .     a - +1 trident
rCold  . . .     Clarity  .     h - +0 leather armour {rPois}
rNeg   + . .     SustAt   .     (no shield)
rPois  +         Gourm    .     c - +0 helmet
rElec  .         Spirit   .     (no cloak)
rCorr  .         Warding  +     (no gloves)
rMut   .         Stasis   .     (no boots)
MR     .....                    p - amulet of warding
Stlth  +.........               (no ring)
                                n - +4 ring of dexterity

@: not resistant to hostile enchantments, very unstealthy
A: talons 1, rot immunity
a: no special abilities


You were on level 3 of the Dungeon.
You were not hungry.

You visited 1 branch of the dungeon, and saw 3 of its levels.

You collected 196 gold pieces.

Inventory:

Hand weapons
 a - a +1 trident (weapon)
Missiles
 d - 3 throwing nets (quivered)
Armour
 c - a +0 helmet (worn)
 h - a +0 leather armour of poison resistance (worn)
Jewellery
 n - a +4 ring of dexterity (left hand)
 p - an amulet of warding (around neck)
Magical devices
 o - a wand of flame (23)
Scrolls
 b - a scroll of fog
 f - 2 scrolls of remove curse
 k - a scroll of recharging
 l - a scroll of magic mapping
Potions
 j - a potion of heal wounds
Comestibles
 e - 2 bread rations
 g - a slice of pizza
 i - 3 beef jerkies
 m - 2 chunks of flesh


   Skills:
 - Level 2.0 Fighting
 + Level 5.2 Polearms
 - Level 1.7 Throwing
 - Level 2.6 Dodging


You had 4 spell levels left.
You didn't know any spells.

Dungeon Overview and Level Annotations

Branches:
Dungeon (3/15)

Altars:
Kikubaaqudgha
Ru

Annotations:
D:3 Shredu92's ghost, average FoFi


Innate Abilities, Weirdness & Mutations

You have sharp toenails.
You are immune to rotting.


Message History

Press: ? - help, Dir - move target cursor, f/p - Shredu92's ghost
Aim: Shredu92's ghost (severely damaged)
You hit Shredu92's ghost but do no damage.
Shredu92's ghost is severely damaged.
Shredu92's ghost completely misses you.
Attack whom?
Press: ? - help, Dir - move target cursor, f/p - Shredu92's ghost
Aim: Shredu92's ghost (severely damaged)
You closely miss Shredu92's ghost.
You claw Shredu92's ghost, but do no damage.
Shredu92's ghost is severely damaged.
Shredu92's ghost hits you.
Attack whom?
Press: ? - help, Dir - move target cursor, f/p - Shredu92's ghost
Aim: Shredu92's ghost (severely damaged)
You hit Shredu92's ghost.
You claw Shredu92's ghost, but do no damage.
Shredu92's ghost is severely damaged.
Shredu92's ghost hits you!
You die...

#......# .......# #......#
.......# ... .. ####.###
..###. ##.###### #.#... ##
#.......########## #.#... .##
#................# #.#%.#....
#.............@..# #.#..#..##
##.##.........W..# #.#.......
#.##..).........# ###.##.#
#.##............# #....#.#
#.##............# #......#
#.##............###....####
#.#...........................
#.#.............##############
#.#.............#


You could see Shredu92's ghost.

Vanquished Creatures
  An orc priest (D:3)
  Robin (D:3)
  2 adders (D:2)
  2 worms (D:2)
  2 giant geckos (D:1)
  4 orcs (D:3)
  A ball python (D:1)
  2 giant cockroaches (D:2)
  13 goblins
  10 hobgoblins
  4 jackals (D:3)
  9 kobolds
  3 bats
  5 giant newts
  A quokka (D:2)
  7 rats
67 creatures vanquished.

Notes
Turn   | Place    | Note
--------------------------------------------------------------
     0 | D:1      | Banto the Demonspawn Gladiator began the quest for the Orb.
     0 | D:1      | Reached XP level 1. HP: 16/16 MP: 1/1
   116 | D:1      | Reached skill level 3 in Polearms
   221 | D:1      | Gained mutation: You have sharp toenails. [demonic ancestry]
   221 | D:1      | Reached XP level 2. HP: 20/22 MP: 2/2
   980 | D:2      | Reached XP level 3. HP: 15/27 MP: 3/3
  1018 | D:2      | Reached skill level 4 in Polearms
  1232 | D:2      | Found a sacrificial altar of Ru.
  1450 | D:2      | Found an ancient bone altar of Kikubaaqudgha.
  1598 | D:2      | Gained mutation: You are immune to rotting. [demonic ancestry]
  1598 | D:2      | Reached XP level 4. HP: 26/33 MP: 4/4
  1816 | D:3      | Reached skill level 5 in Polearms
  2052 | D:3      | Noticed Robin
  2075 | D:3      | Killed Robin
  2098 | D:3      | Reached XP level 5. HP: 33/38 MP: 5/5
  2166 | D:3      | Noticed Shredu92's ghost (average FoFi)
  2202 | D:3      | Slain by Shredu92's ghost

Vault maps used:
D:1:      dpeg_arrival_renting
D:2:      lemuel_crystal_altar, nicolae_ru_awakened_eye, first_bread
D:3:      uniq_robin

Action                   |  1- 3 |  4- 6 || total
-------------------------+-------+-------++-------
Melee: Trident           |   140 |    77 ||   217
  Use: Scroll            |     7 |     1 ||     8
       Potion            |       |     1 ||     1
 Stab: Sleeping          |     3 |       ||     3
  Eat: Chunk             |     2 |     2 ||     4
